 Dungeon Crawl Stone Soup version 0.27-a0-1308-gc08437e49b (webtiles) character file.

Game seed: 7209553361967666573

56 flotson the Sneak (level 3, -6/29 HPs)
             Began as a Demonspawn Delver on June 18, 2021.
             Mangled by Sigmund (10 damage)
             ... on level 2 of the Dungeon.
             The game lasted 00:01:12 (1212 turns).

flotson the Sneak (Demonspawn Delver)               Turns: 1212, Time: 00:01:13

Health: -6/29      AC:  5    Str: 13    XL:     3   Next: 71%
Magic:  3/3        EV: 16    Int: 11    God:
Gold:   89         SH:  4    Dex: 14    Spells: 2/2 levels left

rFire    . . .     SeeInvis .   a - +0 hand axe
rCold    + . .     Faith    .   (no shield)
rNeg     . . .     Spirit   .   j - +0 ring mail
rPois    .         Reflect  .   (no helmet)
rElec    .         Harm     .   (no cloak)
rCorr    .         Rampage  .   (no gloves)
Will     .....                  (no boots)
Stlth    ++........             (no amulet)
HPRegen  0.09/turn              b - ring of protection from cold
MPRegen  0.08/turn              (no ring)

@: agile
A: powered by pain 1, condensation shield
a: no special abilities


You were on level 2 of the Dungeon.
You visited 1 branch of the dungeon, and saw 4 of its levels.

You collected 89 gold pieces.

Inventory:

Hand Weapons
 a - a +0 hand axe (weapon)
Armour
 j - a +0 ring mail (worn)
Jewellery
 b - a ring of protection from cold (left hand)
Wands
 g - a wand of digging (3)
Scrolls
 c - a scroll of fog
 d - a scroll of magic mapping
 e - a scroll of fear
 i - 2 scrolls of noise {unknown}
Potions
 f - a potion of attraction {unknown}
 h - a potion of curing {unknown}
 k - 2 potions of heal wounds {unknown}


   Skills:
 + Level 3.5 Fighting
 + Level 2.3 Axes
 + Level 1.3 Armour
 + Level 2.4 Dodging
 - Level 4.5 Stealth


You had 2 spell levels left.
You didn't know any spells.
Your spell library was empty.

Dungeon Overview and Level Annotations

Branches:
Dungeon (5/15)
 Temple: D:4-7

Altars:

Annotations:
D:2 Sigmund
D:4 1 transporter
D:5 Edmund


Innate Abilities, Weirdness & Mutations

You sometimes gain a little power by taking damage.
A meltable shield of frost defends you. (SH +4)


Message History

Things that are here:
a +0 flail; a +0 leather armour; an orc skeleton You see here a +0 club.
There is a stone staircase leading up here.
You climb upwards.
There is a stone staircase leading down here.
k - 2 bubbling silvery potions
There is a stone staircase leading down here.
Found a stone staircase leading down.
Found 19 stones.
Found a stone staircase leading up.
You now have 89 gold pieces (gained 16).
An adder comes into view.
The adder hisses angrily.
There is a stone staircase leading up here.
You climb upwards.
There is a stone staircase leading down here.
A goblin and Sigmund come into view.
Sigmund casts a spell.
Sigmund flickers and vanishes!
Deactivating autopickup; reactivate with Ctrl-A.
The goblin shouts!
Something tries to affect you, but you resist.
Something tries to affect you, but you resist.
Something hits you!
You focus on the pain.
You feel agile all of a sudden. Something barely misses you.
You miss something.
You hear some strange, mumbled words.
A puff of flame appears from out of thin air!
The puff of flame misses you.
You hear some strange, mumbled words.
A magic dart appears from out of thin air!
The magic dart hits you.
You closely miss something. Something hits you!
* * * LOW HITPOINT WARNING * * *
You miss something. Something hits you.
* * * LOW HITPOINT WARNING * * *
Something hits you!
You die...

#########
.......>#
#######.#
#.# #@#
#{# #g#
#.# ..#
....
#.#?#
.....
#.#.#.


You could see a goblin.

Vanquished Creatures
  A hound (D:4)
  2 adders (D:4)
  An adder skeleton (D:4)
  An orc (D:4)
  A goblin (D:4)
  A ball python (D:4)
  A frilled lizard (D:3)
8 creatures vanquished.

Notes
Turn   | Place    | Note
-------+----------+-------------------------------------------
     0 | D:5      | flotson the Demonspawn Delver began the quest for the Orb.
     0 | D:5      | Reached XP level 1. HP: 18/18 MP: 1/1
    46 | D:5      | Noticed Edmund
    77 | D:4      | Found a transporter.
   136 | D:4      | Noticed a hound
   149 | D:4      | Killed a hound
   150 | D:4      | Reached skill level 1 in Armour
   150 | D:4      | Gained mutation: You sometimes gain a little power by
                  | taking damage. [demonic ancestry]
   150 | D:4      | Reached XP level 2. HP: 5/24 MP: 2/2
   150 | D:4      | Gained mutation: A meltable shield of frost defends you.
                  | (SH +4) [demonic ancestry]
   150 | D:4      | Reached XP level 3. HP: 6/29 MP: 3/3
  1198 | D:2      | Noticed Sigmund
  1212 | D:2      | Mangled by Sigmund

Illustrated notes

Levels and vault maps discovered:
D:2:      layout_basic, hex_medium, chequers_decorated_corner,
          minmay_quadrilaterals, uniq_crazy_yiuf_cottage, uniq_jessica,
          uniq_natasha, uniq_sigmund
D:3:      layout_rooms
D:4:      gammafunk_cloud_chamber, layout_loops_ring, grunt_ministairs_4,
          kennysheep_generic_room_5
D:5:      layout_basic, nicolae_overflow_crystal_walls, marbit_many_paths,
          serial_shops, nicolae_shop_behind_doors, uniq_edmund

Skill      XL: |  1 |
---------------+----+-----
Axes           | 2 |  2.3
Armour         | 1 |  1.3
Dodging        | 2 |  2.4
Fighting       | |  3.5
Stealth        | |  4.5

Action                   || total
-------------------------++-------
Melee: Hand axe          ||    56
  Use: Potion            ||     1
 Stab: Sleeping          ||     1
Armor: Leather armour    ||     9
Dodge: Dodged            ||    35
Block: Other             ||    10

Table legend: (Time is in decaauts)
 A = Elapsed time spent in this place.
 B = Non-inter-level travel time spent in this place.
 C = Inter-level travel time spent in this place.
 D = Time resting spent in this place.
 E = Time spent auto-exploring this place.
 F = Levels seen in this place.
 G = Mean time per level.
                   A        B        C        D        E       F      G
               +--------+--------+--------+--------+--------+-----+--------+
         Total |   1205 |   1085 |    120 |    447 |    486 |   4 |  301.2 |
       Dungeon |   1205 |   1085 |    120 |    447 |    486 |   4 |  301.2 |
               +--------+--------+--------+--------+--------+-----+--------+

Top non-repeatable levels by time:
     D:4: 813 daAuts
     D:3: 298 daAuts
     D:5: 76 daAuts
     D:2: 18 daAuts
